AoeStats
← LOLSICK

Yucatan

511072602Analyzed
2v2 RM · 8h ago on Oct 3, 2026· 27m 5s· 4 players
Game mode
Random Map
Map size
Medium (4 player)
Population
200
Speed
Normal
Resources
Standard
Victory
Conquest
Starting age
Dark Age
Ending age
Imperial Age
RankedLock teamsTeams togetherTeam positionsShared explorationLock speedFull tech treeHidden civsTurbo modeCheats
Victory
Defeat
🇨🇿 Teutons · Czechia
842
+14
🇨🇿 Persians · Czechia
820
+15
🇨🇿 Bulgarians · Czechia
806
-15
🇨🇿 Hindustanis · Czechia
802
-14
LOLSICK
1:04 Loom
14:47 Feudal Age
17:04 Forging
19:07 Double-Bit Axe
26:31 Scale Mail Armor
...
7:35 Loom
13:27 Feudal Age
22:32 Castle Age
20:16 Horse Collar
20:55 Forging
21:26 Scale Barding Armor
21:58 Gold Mining
22:11 Scale Mail Armor
23:53 Double-Bit Axe
Kevin Flynn
13:26 Feudal Age
11:41 Loom
15:23 Wheelbarrow
16:16 Town Watch
17:45 Double-Bit Axe
18:37 Horse Collar
20:40 Gold Mining
20:40 Stone Mining
21:04 Padded Archer Armor
20:55 Fletching
25:08 Castle Age
25:38 Elite Skirmisher
25:38 Crossbowman
26:32 Heavy Plow
27:01 Leather Archer Armor
26:42 Bodkin Arrow
supermaso8970
6:59 Loom
11:00 Feudal Age
17:03 Double-Bit Axe
21:30 Castle Age
20:06 Wheelbarrow
19:13 Horse Collar
22:05 Scale Barding Armor
24:57 Forging
Connection lost

Rejoining the realm…

Still unreachable

The connection could not be restored.

Session expired

The server has moved on; the page needs a fresh start.